Workbook

Sheet Summary
A1: Ad Campaign Performance Report
A2: Client: (client name)
A3: Period: (from — to) — Type the previous period's numbers by hand in the "Previous period" column.
A5: Metric | B5: This period | C5: Previous period | D5: Change %
A6: Spend | B6: ='Daily'!B37 | C6: 9200 | D6: =IF(AND(ISNUMBER(B6),C6>0),(B6-C6)/C6*100,"")
A7: Results | B7: ='Daily'!E37 | C7: 76 | D7: =IF(AND(ISNUMBER(B7),C7>0),(B7-C7)/C7*100,"")
A8: Cost per result | B8: ='Daily'!J37 | C8: 121.05 | D8: =IF(AND(ISNUMBER(B8),C8>0),(B8-C8)/C8*100,"")
A9: Revenue | B9: ='Daily'!F37 | C9: 38500 | D9: =IF(AND(ISNUMBER(B9),C9>0),(B9-C9)/C9*100,"")
A10: ROAS | B10: ='Daily'!K37 | C10: 4.18 | D10: =IF(AND(ISNUMBER(B10),C10>0),(B10-C10)/C10*100,"")
A11: Impressions | B11: ='Daily'!C37 | C11: 371000 | D11: =IF(AND(ISNUMBER(B11),C11>0),(B11-C11)/C11*100,"")
A12: Clicks | B12: ='Daily'!D37 | C12: 9600 | D12: =IF(AND(ISNUMBER(B12),C12>0),(B12-C12)/C12*100,"")
A13: CTR % | B13: ='Daily'!G37 | C13: 2.59 | D13: =IF(AND(ISNUMBER(B13),C13>0),(B13-C13)/C13*100,"")
A14: CPM | B14: ='Daily'!I37 | C14: 24.8 | D14: =IF(AND(ISNUMBER(B14),C14>0),(B14-C14)/C14*100,"")

Sheet Daily
A1: Ad Campaign Performance Report
A2: Enter each day's numbers in the white columns; calculated columns update automatically. Delete the sample numbers before use.
A5: Date | B5: Spend | C5: Impressions | D5: Clicks | E5: Results | F5: Revenue | G5: CTR % | H5: CPC | I5: CPM | J5: Cost per result | K5: ROAS
A6: 2026-10-01 | B6: 1200 | C6: 52000 | D6: 1350 | E6: 11 | F6: 5400 | G6: =IF(C6>0,D6/C6*100,"") | H6: =IF(D6>0,B6/D6,"") | I6: =IF(C6>0,B6/C6*1000,"") | J6: =IF(E6>0,B6/E6,"") | K6: =IF(B6>0,F6/B6,"")
A7: 2026-10-02 | B7: 1150 | C7: 49500 | D7: 1280 | E7: 10 | F7: 4900 | G7: =IF(C7>0,D7/C7*100,"") | H7: =IF(D7>0,B7/D7,"") | I7: =IF(C7>0,B7/C7*1000,"") | J7: =IF(E7>0,B7/E7,"") | K7: =IF(B7>0,F7/B7,"")
A8: 2026-10-03 | B8: 1300 | C8: 55800 | D8: 1490 | E8: 13 | F8: 6300 | G8: =IF(C8>0,D8/C8*100,"") | H8: =IF(D8>0,B8/D8,"") | I8: =IF(C8>0,B8/C8*1000,"") | J8: =IF(E8>0,B8/E8,"") | K8: =IF(B8>0,F8/B8,"")
A9: 2026-10-04 | B9: 1250 | C9: 53100 | D9: 1400 | E9: 12 | F9: 5800 | G9: =IF(C9>0,D9/C9*100,"") | H9: =IF(D9>0,B9/D9,"") | I9: =IF(C9>0,B9/C9*1000,"") | J9: =IF(E9>0,B9/E9,"") | K9: =IF(B9>0,F9/B9,"")
A10: 2026-10-05 | B10: 1400 | C10: 60200 | D10: 1610 | E10: 14 | F10: 7100 | G10: =IF(C10>0,D10/C10*100,"") | H10: =IF(D10>0,B10/D10,"") | I10: =IF(C10>0,B10/C10*1000,"") | J10: =IF(E10>0,B10/E10,"") | K10: =IF(B10>0,F10/B10,"")
A11: 2026-10-06 | B11: 1350 | C11: 57900 | D11: 1520 | E11: 12 | F11: 6000 | G11: =IF(C11>0,D11/C11*100,"") | H11: =IF(D11>0,B11/D11,"") | I11: =IF(C11>0,B11/C11*1000,"") | J11: =IF(E11>0,B11/E11,"") | K11: =IF(B11>0,F11/B11,"")
A12: 2026-10-07 | B12: 1280 | C12: 54700 | D12: 1430 | E12: 12 | F12: 5900 | G12: =IF(C12>0,D12/C12*100,"") | H12: =IF(D12>0,B12/D12,"") | I12: =IF(C12>0,B12/C12*1000,"") | J12: =IF(E12>0,B12/E12,"") | K12: =IF(B12>0,F12/B12,"")
G13: =IF(C13>0,D13/C13*100,"") | H13: =IF(D13>0,B13/D13,"") | I13: =IF(C13>0,B13/C13*1000,"") | J13: =IF(E13>0,B13/E13,"") | K13: =IF(B13>0,F13/B13,"")
G14: =IF(C14>0,D14/C14*100,"") | H14: =IF(D14>0,B14/D14,"") | I14: =IF(C14>0,B14/C14*1000,"") | J14: =IF(E14>0,B14/E14,"") | K14: =IF(B14>0,F14/B14,"")
G15: =IF(C15>0,D15/C15*100,"") | H15: =IF(D15>0,B15/D15,"") | I15: =IF(C15>0,B15/C15*1000,"") | J15: =IF(E15>0,B15/E15,"") | K15: =IF(B15>0,F15/B15,"")
G16: =IF(C16>0,D16/C16*100,"") | H16: =IF(D16>0,B16/D16,"") | I16: =IF(C16>0,B16/C16*1000,"") | J16: =IF(E16>0,B16/E16,"") | K16: =IF(B16>0,F16/B16,"")
G17: =IF(C17>0,D17/C17*100,"") | H17: =IF(D17>0,B17/D17,"") | I17: =IF(C17>0,B17/C17*1000,"") | J17: =IF(E17>0,B17/E17,"") | K17: =IF(B17>0,F17/B17,"")
G18: =IF(C18>0,D18/C18*100,"") | H18: =IF(D18>0,B18/D18,"") | I18: =IF(C18>0,B18/C18*1000,"") | J18: =IF(E18>0,B18/E18,"") | K18: =IF(B18>0,F18/B18,"")
G19: =IF(C19>0,D19/C19*100,"") | H19: =IF(D19>0,B19/D19,"") | I19: =IF(C19>0,B19/C19*1000,"") | J19: =IF(E19>0,B19/E19,"") | K19: =IF(B19>0,F19/B19,"")
G20: =IF(C20>0,D20/C20*100,"") | H20: =IF(D20>0,B20/D20,"") | I20: =IF(C20>0,B20/C20*1000,"") | J20: =IF(E20>0,B20/E20,"") | K20: =IF(B20>0,F20/B20,"")
G21: =IF(C21>0,D21/C21*100,"") | H21: =IF(D21>0,B21/D21,"") | I21: =IF(C21>0,B21/C21*1000,"") | J21: =IF(E21>0,B21/E21,"") | K21: =IF(B21>0,F21/B21,"")
G22: =IF(C22>0,D22/C22*100,"") | H22: =IF(D22>0,B22/D22,"") | I22: =IF(C22>0,B22/C22*1000,"") | J22: =IF(E22>0,B22/E22,"") | K22: =IF(B22>0,F22/B22,"")
G23: =IF(C23>0,D23/C23*100,"") | H23: =IF(D23>0,B23/D23,"") | I23: =IF(C23>0,B23/C23*1000,"") | J23: =IF(E23>0,B23/E23,"") | K23: =IF(B23>0,F23/B23,"")
G24: =IF(C24>0,D24/C24*100,"") | H24: =IF(D24>0,B24/D24,"") | I24: =IF(C24>0,B24/C24*1000,"") | J24: =IF(E24>0,B24/E24,"") | K24: =IF(B24>0,F24/B24,"")
... G36: =IF(C36>0,D36/C36*100,"") | H36: =IF(D36>0,B36/D36,"") | I36: =IF(C36>0,B36/C36*1000,"") | J36: =IF(E36>0,B36/E36,"") | K36: =IF(B36>0,F36/B36,"")
A37: ∑ | B37: =SUM(B6:B36) | C37: =SUM(C6:C36) | D37: =SUM(D6:D36) | E37: =SUM(E6:E36) | F37: =SUM(F6:F36) | G37: =IF(C37>0,D37/C37*100,"") | H37: =IF(D37>0,B37/D37,"") | I37: =IF(C37>0,B37/C37*1000,"") | J37: =IF(E37>0,B37/E37,"") | K37: =IF(B37>0,F37/B37,"")

Sheet Campaigns
A1: Ad Campaign Performance Report
A5: Campaign | B5: Spend | C5: Results | D5: Cost per result | E5: Revenue | F5: ROAS
A6: Sales — broad audience | B6: 4200 | C6: 40 | D6: =IF(C6>0,B6/C6,"") | E6: 19800 | F6: =IF(B6>0,E6/B6,"")
A7: Sales — retargeting | B7: 2100 | C7: 26 | D7: =IF(C7>0,B7/C7,"") | E7: 14600 | F7: =IF(B7>0,E7/B7,"")
A8: Messages | B8: 1800 | C8: 16 | D8: =IF(C8>0,B8/C8,"") | E8: 2200 | F8: =IF(B8>0,E8/B8,"")
A9: Video — awareness | B9: 830 | C9: 2 | D9: =IF(C9>0,B9/C9,"") | E9: 800 | F9: =IF(B9>0,E9/B9,"")

Sheet Notes
A1: Ad Campaign Performance Report
A5: Item | B5: Your notes
A6: Period summary in two lines | B6: e.g. We spent X and got Y at Z each, up/down % vs. last period.
A7: Best ad and why
A8: What didn't work
A9: What changed this period (budget, audience, creative)
A10: Next steps (3 actions)
A11: What we need from the client | B11: e.g. new product photos, a top-up, confirmation of the next offer.
